Map: Порт Александр РВ

Players

HiBye - Winner!

  • Race: Terran Terran
  • League: Master
  • Spawn Location: 11:00

ИИ 1 (эксперт)

  • Race: Protoss Protoss
  • Spawn Location: 5:00

VOD

Have the link to the VOD?

Description

Time

  • Played on: Feb. 9, 2019, 11:17 p.m.
  • Length: 10:16
Show
View Real Time Build Order
Export as new Build Order

HiBye Terran - Winner!

Build Orders: Reaper Expand 

Get SALT Encoding   

  12  0:01  SCV  
  13  0:13  SCV  
  14  0:18  Supply Depot  
  14  0:25  SCV  
  15  0:39  SCV  
  15  0:40  Barracks  
  16  0:44  Refinery  
  16  0:51  SCV  
  17  1:04  SCV  
  18  1:16  SCV  
  19  1:28  Orbital Command  
  19  1:29  Reaper  
  20  1:45  Command Center  
  20  1:56  SCV  
  20  1:57  Supply Depot  
  21  2:01  Marine  
  21  2:08  SCV  
  23  2:11  Refinery  
  23  2:20  SCV  
  23  2:21  Factory  
  24  2:23  Barracks Reactor  
  24  2:32  SCV  
  25  2:44  SCV  
  26  2:56  Orbital Command, SCV  
  27  3:01  Bunker, Marine x2  
  29  3:07  Starport  
  29  3:08  Factory Tech Lab, SCV  
  30  3:19  Marine x2  
  32  3:20  SCV  
  32  3:22  SCV  
  34  3:33  SCV  
  35  3:34  Factory Tech Lab, Barracks  
  35  3:37  Barracks  
  35  3:39  SCV  
  35  3:41  Marine  
  37  3:42  Marine  
  38  3:52  SCV, Supply Depot  
  38  3:53  SCV  
  40  3:57  Raven  
  40  3:58  Factory Tech Lab  
  42  4:04  Marine x2, SCV  
  42  4:05  SCV  
  46  4:10  Refinery  
  46  4:14  Supply Depot  
  46  4:16  SCV  
  47  4:17  SCV  
  47  4:19  Engineering Bay  
  47  4:22  Stimpack  
  48  4:28  SCV  
  48  4:30  SCV  
  50  4:32  Combat Shield  
  50  4:34  Marauder  
  52  4:39  Supply Depot  
  52  4:40  SCV  
  52  4:42  SCV  
  52  4:44  Supply Depot  
  54  4:47  Terran Infantry Weapons Level 1  
  54  4:52  Marauder, SCV  
  57  4:53  Starport Reactor  
  57  4:56  Marauder, SCV  
  60  5:04  Refinery  
  60  5:05  SCV  
  61  5:09  SCV  
  61  5:14  Marauder  
  64  5:15  Supply Depot  
  64  5:17  Marauder, SCV  
  67  5:22  Marine x2  
  67  5:27  Supply Depot  
  69  5:36  Medivac x2  
  69  5:37  Marauder  
  69  5:39  Marauder  
  69  5:40  Marine x2  
  79  5:44  Supply Depot  
  79  5:50  Concussive Shells  
  79  5:57  Marine  
  79  5:58  Marine  
  79  5:59  Marauder  
  79  6:00  Marauder  
  85  6:05  Supply Depot  
  85  6:06  Medivac x2, Supply Depot  
  89  6:16  Marine x2  
  91  6:20  Marauder  
  91  6:21  Marauder  
  91  6:24  Command Center  
  95  6:34  Marine x2  
  95  6:36  Factory Reactor  
  95  6:37  Barracks x2  
  97  6:42  Marauder, Terran Infantry Armor Level 1  
  97  6:43  Marauder  
  100  6:56  Marine x2  
  93  7:03  Marauder  
  93  7:04  Marauder  
  93  7:05  Medivac x2  
  98  7:13  Marine  
  99  7:18  Supply Depot  
  99  7:21  Armory  
  99  7:24  Marauder, Engineering Bay  
  99  7:25  Marauder  
  99  7:28  Marauder  
  99  7:29  SCV x2  
  107  7:37  Supply Depot  
  107  7:44  Marine x4  
  107  7:47  SCV x2  
  113  7:53  Medivac  
  113  7:54  Medivac  
  117  7:59  SCV  
  117  8:01  SCV  
  118  8:06  Orbital Command  
  118  8:09  Marine x3  
  118  8:10  Marine, Marauder  
  118  8:11  Marauder, SCV  
  127  8:13  SCV  
  127  8:14  Marauder  
  130  8:23  SCV  
  130  8:25  SCV  
  132  8:30  Marine x3  
  132  8:31  Marine, SCV  
  132  8:32  Marauder x2  
  141  8:35  SCV  
  141  8:36  Supply Depot x2  
  141  8:37  SCV  
  141  8:39  Supply Depot  
  143  8:49  Marauder, SCV  
  143  8:50  SCV  
  143  8:53  Marauder  
  149  8:57  Marine x4  
  149  8:58  Marauder  
  155  9:07  Ghost Academy  
  156  9:10  Marauder  
  156  9:15  Marauder  
  159  9:18  Marine x3  
  159  9:19  Marine, Supply Depot  
  159  9:20  Supply Depot  
  159  9:21  Medivac  
  159  9:22  Supply Depot  
  159  9:23  Medivac  
  169  9:28  SCV x3  
  172  9:31  Refinery  
  172  9:33  Refinery  
  172  9:39  Ghost  
  172  9:40  SCV, Ghost x2  
  172  9:41  SCV  
  178  9:49  Supply Depot x2  
  178  9:51  Supply Depot  
  178  9:57  Marine x2  
  178  9:58  Marine  
Show
View Real Time Build Order
Export as new Build Order

ИИ 1 (эксперт) Protoss 

Build Orders: Zealot Archon 

Get SALT Encoding   

  12  0:00  Probe  
  13  0:13  Probe  
  14  0:21  Pylon  
  14  0:25  Probe  
  15  0:35  Probe  
  15  0:42  Gateway  
  16  0:44  Probe  
  16  0:49  Assimilator  
  17  0:52  Probe  
  18  1:00  Probe  
  18  1:03  Pylon  
  18  1:08  Probe  
  20  1:20  Probe  
  21  1:30  Zealot  
  21  1:32  Probe  
  24  1:34  Cybernetics Core  
  24  1:44  Probe  
  25  2:01  Probe, Warp Gate  
  25  2:02  Nexus  
  26  2:09  Probe  
  27  2:19  Stalker  
  27  2:21  Probe  
  30  2:30  Pylon  
  30  2:33  Probe  
  31  2:42  Gateway  
  31  2:45  Assimilator  
  31  2:48  Probe  
  31  2:50  Adept  
  34  3:00  Probe  
  34  3:03  Pylon  
  35  3:12  Probe, Adept  
  36  3:14  Probe  
  37  3:24  Probe  
  40  3:29  Robotics Facility  
  40  3:30  Adept  
  40  3:32  Probe  
  43  3:36  Probe  
  44  3:42  Adept  
  44  3:45  Probe  
  47  3:48  Probe  
  48  3:57  Probe  
  48  3:59  Probe  
  48  4:00  Pylon  
  50  4:07  Probe  
  50  4:08  Probe, Adept  
  54  4:18  Probe, Immortal  
  54  4:19  Probe  
  54  4:20  Stalker  
  54  4:21  Pylon  
  62  4:27  Probe  
  62  4:28  Stalker  
  62  4:30  Probe  
  66  4:38  Robotics Facility  
  66  4:42  Stalker  
  68  4:48  Immortal  
  68  4:50  Probe  
  68  4:52  Probe  
  70  4:57  Pylon  
  74  5:03  Pylon  
  74  5:06  Stalker  
  76  5:10  Stalker  
  76  5:12  Probe  
  78  5:15  Probe  
  80  5:26  Immortal  
  84  5:36  Twilight Council  
  84  5:39  Zealot  
  84  5:40  Pylon  
  85  5:44  Assimilator  
  85  5:46  Assimilator  
  85  5:54  Gateway  
  85  5:58  Zealot  
  85  6:01  Pylon  
  87  6:04  Probe  
  87  6:06  Probe  
  89  6:12  Probe  
  89  6:14  Probe  
  91  6:19  Templar Archives  
  91  6:23  Forge  
  91  6:25  Forge  
  91  6:28  Nexus  
  91  6:48  Sentry  
  91  6:51  Zealot  
  91  6:52  Zealot  
  91  6:53  Gateway  
  89  6:57  Pylon  
  69  7:08  Observer  
  59  7:11  Zealot, Sentry  
  59  7:12  Stalker  
  57  7:27  High Templar  
  59  7:32  High Templar  
  59  7:33  Probe  
  59  7:34  Zealot  
  58  7:38  Archon  
  58  7:40  Probe  
  53  7:45  Probe  
  53  7:47  Zealot  
  48  7:53  Probe  
  48  7:54  High Templar  
  48  7:56  Assimilator  
  48  7:57  Zealot  
  41  8:04  Probe, Adept  
  44  8:05  Assimilator  
  44  8:07  Zealot  
  44  8:10  Probe  
  47  8:17  Zealot  
  41  8:21  Zealot  
  41  8:27  High Templar  
  43  8:28  Zealot  
  43  8:33  Nexus  
  38  8:35  High Templar  
  38  8:43  Assimilator  
  38  8:45  Pylon  
  38  8:47  Zealot  
  36  8:52  Pylon  
Tags
 
Add a new tag
Caveats
  • Supply blocks, unpowered buildings, or Contaminate may cause inaccurate times.
  • Supply counts are checked every 10 seconds.